 Dungeon Crawl Stone Soup version 0.30-a0-23-ge60ba3568b (webtiles) character file.

Game seed: 9911687011144838683

60 Pilot the Shield-Bearer (level 3, 0/36 HPs)
             Began as a Troll Fighter on Aug 24, 2022.
             Slain by Sigmund
             ... wielding a +0 scythe
              (11 damage)
             ... on level 2 of the Dungeon.
             The game lasted 00:08:59 (1114 turns).

Pilot the Shield-Bearer (Troll Fighter)             Turns: 1114, Time: 00:08:59

Health: 0/36       AC:  4    Str: 24    XL:     3   Next: 80%
Magic:  2/2        EV:  9    Int:  7    God:
Gold:   19         SH:  8    Dex: 11    Spells: 2/2 levels left

rFire   . . .      SeeInvis .    i - +4 hand axe "Killer Klown's Curse" {venom, Int+3}
rCold   . . .      Faith    .    b - +0 kite shield
rNeg    . . .      Spirit   .    a - +0 robe
rPois   .          Reflect  .    (helmet restricted)
rElec   .          Harm     .    (no cloak)
rCorr   .          Rampage  .    (gloves unavailable)
Will    .....                    (boots unavailable)
Stlth   +.........               (no amulet)
HPRegen 0.92/turn                (no ring)
MPRegen 0.08/turn                (no ring)

@: mighty
A: large, unfitting armour, claws 3, regeneration 1, shaggy fur 1, tough skin 1
a: no special abilities


You were on level 2 of the Dungeon.
You visited 1 branch of the dungeon, and saw 2 of its levels.

You collected 19 gold pieces.

Inventory:

Hand Weapons
 i - the +4 hand axe "Killer Klown's Curse" (weapon) {venom, Int+3}
   (You found it on level 2 of the Dungeon)

   It poisons the flesh of those it strikes.
   Int:       It affects your intelligence (+3).
Missiles
 d - 24 stones (quivered)
 f - 5 javelins
Armour
 a - a +0 robe (worn)
 b - a +0 kite shield (worn)
Scrolls
 g - 2 scrolls of poison {unknown}
Potions
 e - a potion of resistance {unknown}
 h - a potion of heal wounds {unknown}


   Skills:
 + Level 2.9 Fighting
 + Level 0.4 Axes
 + Level 3.0 Dodging
 + Level 3.3 Shields
 - Level 2.0 Unarmed Combat


You had 2 spell levels left.
You didn't know any spells.
Your spell library was empty.

Dungeon Overview and Level Annotations

Branches:
Dungeon (2/15)

Altars:

Annotations:
D:2 Sigmund


Innate Abilities, Weirdness & Mutations

You are too large for most types of armour.
You have claws for hands.
Your natural rate of healing is unusually fast.
You are covered in fur. (AC +1)
You have tough skin. (AC +1)


Message History

The magic dart hits you.
Throw: 4 darts (poison)
Press: ? - help, Q - select action, (/) - cycle Shift-Dir - straight line, f/p - Sigmund
Aim: Sigmund, wielding a +0 scythe and wearing a +0 robe (52% to hit)
You throw a poisoned dart.
The poisoned dart barely misses Sigmund.
Sigmund mumbles some strange words.
Sigmund flickers and vanishes!
Deactivating autopickup; reactivate with Ctrl-A.
Throw: 3 darts (poison)
Press: ? - help, Q - select action, (/) - cycle Shift-Dir - straight line You throw a poisoned dart.
Throw: 2 darts (poison)
Press: ? - help, Q - select action, (/) - cycle Shift-Dir - straight line You throw a poisoned dart.
Throw: dart (poison)
Press: ? - help, Q - select action, (/) - cycle Shift-Dir - straight line You throw a poisoned dart.
Something hits you but does no damage.
Things that are here:
a poisoned dart; a ball python corpse You closely miss something.
You hear some strange, mumbled words.
A puff of flame appears from out of thin air!
The puff of flame hits you! Something hits you.
You closely miss something.
You hear some strange, mumbled words.
A magic dart appears from out of thin air!
The magic dart hits you.
You hit something. Something hits you.
You miss something. Something hits you.
You closely miss something. Something hits you.
You closely miss something.
You hear some strange, mumbled words.
A magic dart appears from out of thin air!
The magic dart hits you.
* * * LOW HITPOINT WARNING * * *
You feel very mighty all of a sudden. Something hits you!
You die...

#.# #.# #####.#
#.#...#.#########
................#
..#.#.#..########
................
..#.#.#..####...
#.#.#.@# # # #.{#
#..# #.(# #..#
#..# .((. ##.#


There were no monsters in sight!

Vanquished Creatures
  Terence (D:2)
  2 ball pythons
  3 endoplasms (D:1)
  A giant cockroach (D:2)
  2 goblins (D:1)
  A hobgoblin (D:1)
  9 jackals (D:1)
  4 kobolds
  4 bats (D:1)
  3 rats (D:1)
30 creatures vanquished.

Notes
Turn   | Place    | Note
-------+----------+-------------------------------------------
     0 | D:1      | Pilot the Troll Fighter began the quest for the Orb.
     0 | D:1      | Reached XP level 1. HP: 22/22 MP: 0/0
   221 | D:1      | Reached XP level 2. HP: 21/29 MP: 1/1
   768 | D:1      | Reached XP level 3. HP: 36/36 MP: 2/2
   903 | D:2      | Identified the +4 hand axe "Killer Klown's Curse" {venom,
                  | Int+3}
  1032 | D:2      | Noticed Terence
  1039 | D:2      | Killed Terence
  1099 | D:2      | Noticed Sigmund
  1114 | D:2      | Slain by Sigmund

Illustrated notes

Levels and vault maps discovered:
D:1:      evilmike_arrival_rings, layout_basic, st_stairs_2,
          grunt_decor_arrowhead, chequers_mini_garden
D:2:      layout_basic, shapermc_ecumenical_altar_starsandcircs,
          uniq_crazy_yiuf_cottage, uniq_terence, uniq_sigmund

Skill      XL: |  1  2  3 |
---------------+----------+-----
Shields        | 3 |  3.3
Dodging        | 3 |  3.0
Fighting       | |  2.9
Axes           | |  0.4
Unarmed Combat | |  2.0

Action                   || total
-------------------------++-------
Melee: Unarmed           ||    82
       Hand axe          ||    15
Throw: Dart              ||     8
  Use: Potion            ||     1
Armor: Robe              ||    46
Dodge: Dodged            ||    41
Block: Kite shield       ||    39

Table legend: (Time is in decaauts)
 A = Elapsed time spent in this place.
 B = Non-inter-level travel time spent in this place.
 C = Inter-level travel time spent in this place.
 D = Time resting spent in this place.
 E = Time spent auto-exploring this place.
 F = Levels seen in this place.
 G = Mean time per level.
                   A        B        C        D        E       F      G
               +--------+--------+--------+--------+--------+-----+--------+
         Total |   1128 |    245 |    883 |      0 |      0 |   2 |  564.0 |
       Dungeon |   1128 |    245 |    883 |      0 |      0 |   2 |  564.0 |
               +--------+--------+--------+--------+--------+-----+--------+

Top non-repeatable levels by time:
     D:1: 906 daAuts
     D:2: 221 daAuts
